 Dungeon Crawl Stone Soup version 0.32-a0-818-gb728d0252e (webtiles) character file.

Game seed: 9310657098990963357

33395 Bamboolord the Covert (level 13, -4/57 (58) HPs)
             Began as a Vine Stalker Conjurer on Mar 24, 2024.
             Was the Champion of Hepliaklqana.
             Slain by a skyshark (7 damage)
             ... on level 4 of the Lair of Beasts.
             The game lasted 00:49:51 (18703 turns).

Bamboolord the Covert (Vine Stalker Conjurer)      Turns: 18703, Time: 00:49:52

HP:   -4/57 (58)    AC: 11    Str:  9    XL:     13   Next: 70%
MP:   0/36          EV: 19    Int: 22    God:    Hepliaklqana [******]
Gold: 334           SH:  5    Dex: 15    Spells: 15/31 levels left

rFire   . . .        H - +2 short sword (flame)
rCold   . . .        (no shield)
rNeg    . . .        l - +0 steam dragon scales
rPois   +            R - +2 helmet {SInv}
rElec   .            y - +0 cloak
rCorr   .            (no gloves)
SInv    +            M - +2 pair of slick slippers {slick, slippery, EV+4}
Will    +....        w - amulet of reflection
Stlth   +++++        q - ring of magical power
HPRegen 1.09/turn    x - ring of poison resistance
MPRegen 0.25/turn

%: reflection, guardian spirit
@: lightly drained
A: reduced essence, fangs 3, regeneration 1, magic shield, antimagic bite, no
potion heal 2
a: Renounce Religion, Recall Ancestor, Ancestor Identity, Transference, Idealise


You were on level 4 of the Lair of Beasts.
You worshipped Hepliaklqana.
Hepliaklqana was exalted by your worship.
You visited 3 branches of the dungeon, and saw 16 of its levels.
You also visited: Sewer.

You collected 835 gold pieces.
You spent 501 gold pieces at shops.

Inventory:

Hand Weapons
 H - a +2 short sword of flaming (weapon)
 V - a +1 dagger of distortion
Missiles
 d - 3 throwing nets
Armour
 l - +0 steam dragon scales (worn)
 s - the +1 pair of boots "Panodeiq" {-Tele rF++ Int+4}
   (You found it on level 7 of the Dungeon)

   Int+4:     It affects your intelligence (+4).
   rF++:      It greatly protects you from fire.
   -Tele:     It prevents most forms of teleportation.
 y - a +0 cloak (worn)
 G - a +1 pair of boots of flying
 M - the +2 pair of slick slippers (worn) {slick, slippery, EV+4}
   (You found it on level 10 of the Dungeon)

   Slick:     Its wearer cannot be constricted, engulfed, netted, webbed, or
   stopped by binding sigils.
   Slippery:  Its wearer slips away from damaging melee attacks, pulling the
   attacker onward.
   EV+4:      It affects your evasion (+4).
 Q - the +2 robe "Uhuidit" {Rampage ^Drain Int+3}
   (You bought it in a shop on level 11 of the Dungeon)

   Int+3:     It affects your intelligence (+3).
   ^Drain:    It drains your maximum health when unequipped.
   Rampage:   It bestows one free step when moving towards enemies.
 R - a +2 helmet of see invisible (worn)
Jewellery
 e - a ring of resist corrosion
 q - a ring of magical power (left hand)
 u - a ring of fire
 w - an amulet of reflection (around neck)
 x - a ring of poison resistance (right hand)
 z - a ring of protection from cold
 C - a ring of ice
 E - a +4 ring of slaying
 N - a ring of flight
Wands
 f - a wand of acid (6)
 o - a wand of iceblast (6)
 J - a wand of polymorph (7)
 K - a wand of flame (11)
 L - a wand of paralysis (6)
 T - a wand of mindburst (6)
Scrolls
 g - 3 scrolls of teleportation
 j - 2 scrolls of amnesia
 p - 2 scrolls of poison
 r - a scroll of torment {unknown}
 B - a scroll of enchant armour {unknown}
 D - a scroll of fog
 F - a scroll of immolation {unknown}
 O - 4 scrolls of silence
 S - a scroll of noise {unknown}
 U - a scroll of revelation
Potions
 a - a potion of attraction {unknown}
 b - a potion of magic
 c - 4 potions of brilliance
 h - 2 potions of might {unknown}
 i - 5 potions of enlightenment
 k - 4 potions of curing
 m - a potion of invisibility
 n - a potion of mutation {unknown}
 A - a potion of ambrosia {unknown}
 I - 3 potions of haste
 P - a potion of berserk rage {unknown}


   Skills:
 + Level 5.9 Fighting
 + Level 5.7 Short Blades
 * Level 8.2 Dodging
 + Level 12.1 Stealth
 * Level 9.8 Spellcasting
 * Level 10.4 Conjurations
 - Level 5.0 Translocations
 * Level 8.5 Fire Magic
 + Level 3.1 Invocations


You had 15 spell levels left.
You knew the following spells:

 Your Spells              Type           Power      Damage    Failure   Level
a - Magic Dart            Conj           100%       1d8       1%          1
b - Searing Ray           Conj           100%       2d8       1%          2
c - Iskenderun's Mystic   Conj/Tloc      44%        2d10      2%          4
d - Blink                 Tloc           64%        N/A       1%          2
e - Volatile Blastmotes   Fire/Tloc      80%        2d16      1%          3
f - Flame Wave            Conj/Fire      51%        2d13      1%          4

Your spell library contained the following spells:

 Spells                   Type           Power      Damage    Failure   Level
 Lesser Beckoning         Tloc           64%        N/A       1%          2
 Momentum Strike          Conj/Tloc      88%        3d10      1%          2
 Inner Flame              Hex/Fire       29%        N/A       3%          3
 Fulminant Prism          Conj/Alch      16%        3d10      8%          4
 Call Imp                 Summ           20%        N/A       10%         2
 Sublimation of Blood     Necr           10%        N/A       10%         2
 Sticky Flame             Fire/Alch      29%        2d7       11%         4
 Passwall                 Erth           10%        N/A       19%         3
 Summon Ice Beast         Ice/Summ       10%        N/A       19%         3
 Irradiate                Conj/Alch      16%        3d17      21%         5
 Animate Dead             Necr           10%        N/A       52%         4
 Leda's Liquefaction      Alch/Erth      5%         N/A       52%         4
 Petrify                  Alch/Erth      10%        N/A       52%         4
 Summon Forest            Summ/Tloc      10%        N/A       52%         5
 Bombard                  Conj/Erth      16%        9d3       75%         6
 Metabolic Englaciation   Hex/Ice        5%         N/A       86%         5
 Summon Mana Viper        Hex/Summ       10%        N/A       86%         5
 Summon Cactus Giant      Summ           5%         N/A       100%        6
 Haunt                    Necr/Summ      5%         N/A       100%        7
 Monstrous Menagerie      Summ           5%         N/A       100%        7
 Summon Hydra             Summ           5%         N/A       100%        7
 Infestation              Necr           5%         N/A       100%        8


Dungeon Overview and Level Annotations

Branches:
Dungeon (11/15)            Temple (1/1) D:7            Lair (4/5) D:8
 Spider (0/4) Lair:3          Orc (0/2) D:9           Sewer (visited)
  Swamp: Lair:2-3    Shoals: Lair:2-3     Slime: Lair:4-5

Altars:
Ashenzari
Cheibriados
Dithmenos
Elyvilon
Fedhas
Gozag
Hepliaklqana
Kikubaaqudgha
Makhleb
Nemelex Xobeh
Okawaru
Qazlal
Ru
Sif Muna
Trog
Uskayaw
Vehumet
Wu Jian
Xom
Yredelemnul
Zin
The Shining One

Shops:
D:1 [   D:4 (   D:6 *   D:10 *(:(:   D:11 [

Annotations:
D:10 1 exclusion


Innate Abilities, Weirdness & Mutations

Your life essence is reduced to manifest your ancestor. (-10% HP)
You have razor-sharp teeth.
Your natural rate of healing is unusually fast.
When hurt, damage is shared between your health and your magic reserves.
Your bite disrupts and absorbs the magic of your enemies.
Potions cannot restore your health.


Message History

The flame wave engulfs the elephant!
The elephant is almost dead.
Britulania avoids your attack.
The flame wave engulfs the elephant.
You kill the elephant!
You finish channelling waves of flame.
You hear an angry hiss.
The skyshark bites you!
The skyshark enters a blood-rage!
The skyshark tail-slaps you. The skyshark tail-slaps you!
The elephant misses you. The elephant closely misses you.
Unknown command.
Casting: Flame Wave (dangerous; 1% risk of failure)
Confirm with . or Enter, or press ? or * to list all spells.
Casting: Flame Wave (dangerous; 1% risk of failure)
Press: ? - help, Dir - look around, f - activate A wave of flame ripples out!
The flame wave engulfs the skyshark but does no damage.
The skyshark is severely wounded.
The flame wave engulfs the elephant but does no damage.
The elephant is almost dead.
Britulania avoids your attack. (Press . to intensify the flame waves.)
The skyshark completely misses you. The skyshark tail-slaps you.
The skyshark tail-slaps you! The skyshark bites you!
* * * LOW HITPOINT WARNING * * *
The skyshark tail-slaps you.
* * * LOW HITPOINT WARNING * * *
The skyshark closely misses you.
Britulania hits the elephant with a +0 dagger of draining.
Britulania drains the elephant.
The elephant tramples Britulania but does no damage.
The elephant trunk-slaps Britulania.
The skyshark attacks as it pursues you! The skyshark barely misses you.
You block the skyshark's attack. The skyshark tail-slaps you!
* * * LOW HITPOINT WARNING * * *
You slip backwards!
Britulania barely misses the elephant.
Britulania hits the elephant with a +0 dagger of draining.
The elephant dies!
The skyshark barely misses you. The skyshark tail-slaps you!
You die...
Hepliaklqana delivers you to your ancestors.

#. ... ....
.P.# #######
...#..##.#
#.#.#.#.#
####...F@#.#
#.....R##.#..
#....†.##
####.♣
P.##.#..Y # .
....#..#
.......###
#..##.. #.P
... #.#


You could see the friendly Britulania the hexer and a skyshark (berserk).

Vanquished Creatures
  2 hydras (Lair:3)
  2 two-headed ogres
  Urug (Lair:1)
  Sonja (Lair:3)
  Pikel (D:6)
  A lindwurm (Lair:4)
  3 black mambas
  A manticore (D:8)
  A merfolk siren (Lair:2)
  10 elephants
  Joseph (D:7)
  6 cane toads
  An orange demon (Lair:1)
  A kobold demonologist (D:11)
  2 rime drakes
  4 komodo dragons
  A hornet (D:9)
  A troll (D:10)
  6 blink frogs
  4 dream sheep (Lair:3)
  A polar bear (Lair:2)
  4 culicivoras (Lair:3)
  14 yaks
  2 wraiths
  A wyvern (D:10)
  Grum (Lair:1)
  2 basilisks (Lair:2)
  A steam dragon (D:7)
  6 water moccasins
  2 orc warriors
  2 sky beasts
  2 black bears
  An ogre (D:6)
  4 wolves
  A phantom (D:4)
  2 centaurs (D:9)
  A lemure (D:6)
  2 kobold brigands
  8 bullfrogs
  3 scorpions
  3 wights (D:9)
  Dowan (D:6)
  7 killer bees
  3 electric eels
  2 howler monkeys (D:9)
  A hexer (Lair:1)
  3 bombardier beetles
  4 hounds
  4 orc priests
  2 jellies
  4 iguanas
  2 orc wizards (D:8)
  10 hell rats
  14 gnolls
  11 adders
  5 ribbon worms
  10 dart slugs
  15 orcs
  16 endoplasms
  13 giant cockroaches
  14 goblins
  8 hobgoblins
  5 jackals
  19 kobolds
  3 quokkas
  16 ball pythons
  3 bats
  8 frilled lizards
  16 rats
332 creatures vanquished.

Vanquished Creatures (collateral kills)
  2 death yaks (Lair:2)
  Amaemon (Lair:1)
  4 elephants
  2 black mambas
  A cane toad (Lair:3)
  2 komodo dragons (Lair:1)
  2 hornets
  2 blink frogs
  Prince Ribbit (D:6)
  3 dream sheep (Lair:3)
  A shadow (D:10)
  A basilisk (Lair:3)
  7 yaks
  5 water moccasins
  Duvessa (D:6)
  An orc warrior (D:9)
  2 black bears
  2 wolves (Lair:3)
  2 centaurs
  A lemure (D:6)
  2 phantoms
  A kobold brigand (D:7)
  2 bullfrogs
  4 scorpions
  A wight (D:9)
  4 killer bees
  3 gnoll boudas
  2 hounds (D:6)
  4 sleepcaps
  An orc wizard (D:7)
  An iguana (D:6)
  2 hell rats
  2 gnolls (D:7)
  An adder (D:5)
  A dart slug (Sewer)
  A ribbon worm (D:5)
  3 orcs
  A ball python (Sewer)
  2 giant cockroaches (Sewer)
  2 jackals (D:5)
  A quokka (D:5)
  3 kobolds (D:7)
87 creatures vanquished.

Vanquished Creatures (others)
  12 hexers
  An ancestor (D:4)
  A kobold (D:9)
14 creatures vanquished.

Grand Total: 433 creatures vanquished

Notes
Turn   | Place    | Note
-------+----------+-------------------------------------------
     0 | D:1      | Bamboolord the Vine Stalker Conjurer began the quest for
                  | the Orb.
     0 | D:1      | Reached XP level 1. HP: 9/9 MP: 4/4
   241 | D:1      | Reached XP level 2. HP: 13/13 MP: 0/6
   585 | D:1      | Found Vuceky's Armour Shoppe.
   695 | D:1      | Reached skill level 3 in Stealth
   780 | D:1      | Reached XP level 3. HP: 17/17 MP: 5/7
   783 | D:1      | Learned a level 2 spell: Searing Ray
  1183 | D:2      | Found a sacrificial altar of Ru.
  1494 | D:2      | Reached XP level 4. HP: 10/21 MP: 0/9
  2009 | D:2      | Reached skill level 1 in Fighting
  2767 | D:3      | Reached XP level 5. HP: 19/25 MP: 2/10
  2999 | D:3      | Found a burning altar of Makhleb.
  3138 | D:3      | Found an ornate altar of the Wu Jian Council.
  3521 | D:3      | Reached skill level 1 in Short Blades
  3523 | D:3      | Reached skill level 4 in Stealth
  3642 | D:3      | Found a faded altar of an unknown god.
  3652 | D:3      | Prayed at the altar of an unknown god.
  3652 | D:3      | Became a worshipper of Hepliaklqana the Forgotten
  3652 | D:3      | Reached * piety under Hepliaklqana
  3751 | D:3      | Found an iron altar of Okawaru.
  3818 | D:3      | Found a faded altar of an unknown god.
  3821 | D:3      | Found a sacrificial altar of Ru.
  3876 | D:4      | Reached XP level 6. HP: 25/27 MP: 2/12
  3953 | D:4      | Found a hazy altar of Hepliaklqana.
  4221 | D:4      | Found a glowing silver altar of Zin.
  4227 | D:4      | Found a broken altar of Ashenzari.
  4293 | D:4      | Learned a level 4 spell: Iskenderun's Mystic Blast
  4560 | D:4      | Found a blossoming altar of Fedhas.
  4656 | D:4      | Learned a level 2 spell: Blink
  4750 | D:4      | Reached skill level 5 in Conjurations
  4836 | D:4      | Reached ** piety under Hepliaklqana
  4837 | D:4      | Remembered your ancestor Britulania as a hexer
  4956 | D:4      | Found Ewniwierch's Weapon Shop.
  5259 | D:5      | Entered Level 5 of the Dungeon
  5299 | D:5      | Reached XP level 7. HP: 25/30 MP: 7/13
  5345 | D:5      | Found a glowing drain.
  5351 | Sewer    | Entered a sewer
  5929 | Sewer    | Reached skill level 5 in Stealth
  6373 | Sewer    | Learned a level 3 spell: Volatile Blastmotes
  6490 | D:5      | Reached skill level 1 in Translocations
  6636 | D:5      | Gained mutation: You have razor-sharp teeth. [Vine Stalker
                  | growth]
  6636 | D:5      | Reached XP level 8. HP: 34/35 MP: 11/15
  6802 | D:5      | Reached skill level 1 in Fire Magic
  7751 | D:6      | Reached skill level 6 in Stealth
  7983 | D:6      | Reached skill level 5 in Spellcasting
  8082 | D:6      | Reached *** piety under Hepliaklqana
  8084 | D:6      | Noticed Prince Ribbit
  8088 | D:6      | Killed Prince Ribbit
  8089 | D:6      | Reached XP level 9. HP: 38/38 MP: 13/17
  8094 | D:6      | Learned a level 4 spell: Flame Wave
  8207 | D:6      | Found Oboex's General Store.
  8208 | D:6      | Noticed Duvessa
  8209 | D:6      | Noticed Dowan
  8213 | D:6      | Killed Duvessa
  8216 | D:6      | Killed Dowan
  8217 | D:6      | Reached skill level 7 in Stealth
  8235 | D:6      | Bought a potion of invisibility for 104 gold pieces
  8344 | D:6      | Found a sparkling altar of Nemelex Xobeh.
  8344 | D:6      | Found an opulent altar of Gozag.
  8429 | D:6      | Found a white marble altar of Elyvilon.
  8430 | D:6      | Found a glowing golden altar of the Shining One.
  8586 | D:6      | Noticed Pikel
  8608 | D:6      | Killed Pikel
  9499 | D:1      | Bought a +1 pair of boots of flying for 165 gold pieces
  9690 | D:7      | Noticed Joseph
  9699 | D:7      | Killed Joseph
  9700 | D:7      | Reached skill level 5 in Dodging
  9700 | D:7      | Reached XP level 10. HP: 34/44 MP: 11/20
  9901 | D:7      | Found a staircase to the Ecumenical Temple.
  9929 | D:7      | Reached skill level 8 in Stealth
  9949 | Temple   | Entered the Ecumenical Temple
 10134 | D:7      | Found a hide-covered altar of Uskayaw.
 10139 | D:7      | Reached **** piety under Hepliaklqana
 10175 | D:7      | Identified the +1 pair of boots "Panodeiq" {-Tele rF++
                  | Int+4}
 10747 | D:8      | Found a staircase to the Lair.
 11003 | D:8      | Identified the +8 plate armour of Sin {rElec Regen+ Str+5}
 11037 | D:8      | Noticed a two-headed ogre
 11051 | D:8      | Killed a two-headed ogre
 11262 | D:8      | Noticed a manticore
 11269 | D:8      | Killed a manticore
 11270 | D:8      | Reached skill level 9 in Stealth
 11270 | D:8      | Reached skill level 5 in Fire Magic
 11319 | D:8      | Reached XP level 11. HP: 41/47 MP: 22/22
 11590 | D:9      | Found a shadowy altar of Dithmenos.
 11683 | D:9      | Found a staircase to the Orcish Mines.
 11708 | D:9      | Reached ***** piety under Hepliaklqana
 12578 | D:10     | Entered Level 10 of the Dungeon
 12585 | D:10     | Found Exor's Book Shoppe.
 12625 | D:10     | Noticed a two-headed ogre
 12633 | D:10     | Killed a two-headed ogre
 12704 | D:10     | Found the +2 pair of slick slippers {slick, slippery, EV+4}
 12767 | D:10     | Found Lirumuej's Antique Weapon Boutique.
 13469 | D:10     | Found Ehuecef's Book Emporium.
 13507 | D:10     | Found Natiewi's Weapon Shoppe.
 13978 | D:10     | Reached skill level 10 in Stealth
 14014 | D:10     | Found Funuosa's Assorted Antiques.
 14034 | D:10     | Bought a scroll of teleportation for 84 gold pieces
 14047 | D:11     | Found Wenk's Antique Armour Shoppe.
 14088 | D:11     | Bought a masterwork robe for 148 gold pieces
 14088 | D:11     | Identified the +2 robe "Uhuidit" {Rampage ^Drain Int+3}
                  | (You bought it in a shop on level 11 of the Dungeon)
 14498 | Lair:1   | Entered Level 1 of the Lair of Beasts
 14511 | Lair:1   | Noticed Amaemon
 14532 | Lair:1   | Killed Amaemon
 14869 | Lair:1   | Reached XP level 12. HP: 39/52 MP: 23/25
 14875 | Lair:1   | Noticed Urug
 14905 | Lair:1   | Killed Urug
 15419 | Lair:1   | Noticed Grum
 15475 | Lair:1   | Reached skill level 11 in Stealth
 15480 | Lair:1   | Killed Grum
 15959 | Lair:2   | Identified the +3 quarterstaff of the Secret Nightcaps
                  | {antimagic, rN++}
 16098 | Lair:2   | Reached skill level 5 in Fighting
 16104 | Lair:2   | Reached skill level 5 in Translocations
 16124 | Lair:2   | Reached skill level 1 in Invocations
 16215 | Lair:2   | You fall into a shaft and drop 1 floor!
 16233 | Lair:3   | Found a hole to the Spider Nest.
 16266 | Lair:3   | Reached skill level 5 in Short Blades
 16465 | Lair:2   | Reached XP level 13. HP: 50/56 MP: 27/27
 17163 | Lair:2   | Reached skill level 10 in Conjurations
 17449 | Lair:3   | Noticed Sonja
 17465 | Lair:3   | Killed Sonja
 17977 | Lair:3   | Reached skill level 12 in Stealth
 18082 | Lair:3   | Reached ****** piety under Hepliaklqana
 18703 | Lair:4   | Slain by a skyshark

Illustrated notes

Levels and vault maps discovered:
D:1:      lemuel_arrival_behind_the_door_large, layout_loops_ring, serial_shops,
          nicolae_shop_real_fake_doors, minmay_misc_feat_secret_circle,
          minmay_hexomino_c4
D:2:      layout_loops_ring, basic_altar, chequers_serial_rivers_large_a,
          nicolae_underground_beach
D:3:      layout_rooms, okawaru_gym_becter, nicolae_overflow_ecumenical_swirl,
          mainiacjoe_overflow_small_starburst, nzn_wu_jian_contemplation,
          shapermc_ecumenical_altar_notcrosses
D:4:      layout_cave_pods, lemuel_crystal_altar, fedhas_altar_4,
          jmf_multi_god_temple2, serial_shops, nicolae_take_the_stairs,
          serial_glass, glass_columns_b, glass_columns_a, serial_bayou_lagoon_a
D:5:      layout_basic, gup_sewer_entry_bubbles
D:6:      layout_loops_cross, grunt_temple_overflow_opulence,
          chequers_temple_overflow_statue_of_worship, serial_shops,
          nicolae_shop_rolling_square, uniq_prince_ribbit1, uniq_duvessa,
          uniq_pikel
D:7:      layout_gridville, kennysheep_mini, temple_green, hex_tiny, uniq_joseph
D:8:      layout_cave_pods, lair_entry_dummy
D:9:      minmay_recursive_quarters, layout_loops_ring,
          nicolae_dithmenos_the_darkroom
D:10:     layout_rooms, serial_shops, nicolae_book_shop_shelving,
          nicolae_stop_n_shop_1, shop, nicolae_shop_just_a_little_nook,
          nicolae_shop_tiny_real_fake_doors, hive_lemuel
D:11:     layout_stronghold, serial_shops, shop, grunt_qazlal_clouds
Temple:   nicolae_temple_ecumenical_triangle
Lair:1:   layout_cave_pods, grunt_megastairs_5, uniq_urug, uniq_amaemon,
          uniq_grum
Lair:2:   layout_regular_city, elwin_shoals_entry_rooms,
          minmay_shattered_shrine, lemuel_fruit_tree
Lair:3:   layout_gridlike, hellmonk_spider_entry_life_and_decay,
          grunt_megastairs_1, uniq_sonja
Lair:4:   layout_layer_cave, slime_entry_1, serial_bayou_lake_a

Skill      XL: |  1  2  3  4  5  6  7  8  9 10 11 12 13 |
---------------+----------------------------------------+-----
Stealth        | 3 4 5 6 7 9 10 11 12 | 12.1
Dodging        | 2 3 4 5 6 7 8 |  8.2
Fighting       | 1 2 3 4 5 |  5.9
Spellcasting   | 3 4 5 6 7 8 9 |  9.8
Short Blades   | 1 2 3 4 5 |  5.7
Conjurations   | 5 6 7 8 9 10 | 10.4
Translocations | 1 2 3 4 5 |  5.0
Fire Magic     | 2 4 5 6 7 8 |  8.5
Invocations    | 1 3 |  3.1

Action                     |  1- 3 |  4- 6 |  7- 9 | 10-12 | 13-15 || total
---------------------------+-------+-------+-------+-------+-------++-------
  Melee: Unarmed           |    13 |       |       |       |       ||    13
         Bite              |     7 |   196 |    11 |   205 |    84 ||   503
         Short sword       |    17 |   353 |    19 |   540 |   182 ||  1111
         Dagger            |       |       |    23 |     7 |       ||    30
   Cast: Magic Dart        |    81 |   147 |   244 |    14 |    33 ||   519
         Searing Ray       |       |     3 |     8 |    31 |     5 ||    47
         Iskenderun's Myst |       |       |     1 |     4 |     2 ||     7
         Flame Wave        |       |       |       |     8 |     8 ||    16
         Volatile Blastmot |       |       |       |     5 |    18 ||    23
 Invoke: Ancestor Identity |       |     1 |       |       |       ||     1
         Recall Ancestor   |       |     1 |     1 |     1 |       ||     3
         Ancestor Life: He |       |     1 |       |       |       ||     1
    Use: Scroll            |       |    11 |     2 |     7 |     6 ||    26
         Potion            |       |       |       |     2 |       ||     2
   Stab: Sleeping          |       |     1 |     1 |    12 |     2 ||    16
         Confused          |       |     1 |     2 |    18 |     5 ||    26
         Distracted        |       |       |       |     5 |     2 ||     7
 Armour: Robe              |    20 |    32 |    63 |     1 |       ||   116
         Steam dragon scal |       |       |       |   294 |   130 ||   424
  Dodge: Dodged            |    25 |    29 |    65 |   416 |   175 ||   710
  Block: Other             |       |       |     1 |    98 |    46 ||   145
         Reflection        |       |       |     1 |     2 |     1 ||     4

Table legend: (Time is in decaauts)
 A = Elapsed time spent in this place.
 B = Non-inter-level travel time spent in this place.
 C = Inter-level travel time spent in this place.
 D = Time resting spent in this place.
 E = Time spent auto-exploring this place.
 F = Levels seen in this place.
 G = Mean time per level.
                   A        B        C        D        E       F      G
               +--------+--------+--------+--------+--------+-----+--------+
         Total |  18589 |  16566 |   2023 |    953 |  11808 |  17 | 1093.5 |
       Dungeon |  13453 |  11564 |   1889 |    159 |   8942 |  11 | 1223.0 |
        Temple |      1 |      1 |      0 |      0 |      0 |   1 |    1.0 |
          Lair |   4099 |   3966 |    133 |    744 |   2062 |   4 | 1024.8 |
         Sewer |   1034 |   1034 |      0 |     50 |    803 |   1 | 1034.0 |
               +--------+--------+--------+--------+--------+-----+--------+

Top non-repeatable levels by time:
     D:2: 1631 daAuts
  Lair:2: 1514 daAuts
     D:4: 1503 daAuts
     D:5: 1462 daAuts
     D:6: 1435 daAuts
     D:3: 1408 daAuts
     D:7: 1394 daAuts
  Lair:1: 1393 daAuts
     D:1: 1389 daAuts
     D:9: 1157 daAuts
     D:8: 1094 daAuts
   Sewer: 1034 daAuts
  Lair:3: 1034 daAuts
    D:10: 932 daAuts
  Lair:4: 157 daAuts
